 Dungeon Crawl Stone Soup version 0.22-a0-204-g464ede7 (webtiles) character file.

86 b5mith the Skirmisher (level 4, 0/41 HPs)
             Began as a Minotaur Berserker on Feb 17, 2018.
             Was a Believer of Trog.
             Slain by a hound (3 damage)
             ... on level 2 of the Dungeon.
             The game lasted 00:04:25 (868 turns).

b5mith the Skirmisher (Minotaur Berserker)           Turns: 868, Time: 00:04:26

Health: 0/41       AC:  2    Str: 23    XL:     4   Next: 27%
Magic:  3/3        EV: 13    Int:  4    God:    Trog [**....]
Gold:   36         SH:  0    Dex:  9    Spells: 3/3 levels left

rFire    . . .     SeeInvis .   a - +0 spear
rCold    . . .     Gourm    .   (no shield)
rNeg     . . .     Faith    .   b - +0 animal skin
rPois    .         Spirit   .   (helmet restricted)
rElec    .         Reflect  .   (no cloak)
rCorr    .         Harm     .   (no gloves)
MR       .....                  (no boots)
Stlth    +.........             (no amulet)
HPRegen  0.13/turn              (no ring)
MPRegen  0.08/turn              (no ring)

@: berserk cooldown, slowed, very slow
A: retaliatory headbutt, horns 2
a: Berserk, Trog's Hand, Burn Spellbooks, Renounce Religion


You were on level 2 of the Dungeon.
You worshipped Trog.
Trog was pleased with you.
You were hungry.

You visited 1 branch of the dungeon, and saw 2 of its levels.

You collected 36 gold pieces.

Inventory:

Hand Weapons
 a - a +0 spear (weapon)
Missiles
 h - 5 stones (quivered)
Armour
 b - a +0 animal skin (worn)
Jewellery
 i - an uncursed ring of poison resistance {unknown}
Scrolls
 d - a scroll of remove curse {unknown}
 f - 3 scrolls of identify {unknown}
Potions
 e - a potion of heal wounds {unknown}
 j - a potion of curing {unknown}
Comestibles
 c - 2 rations


   Skills:
 + Level 4.4 Fighting
 + Level 4.3 Polearms
 + Level 3.4 Armour
 + Level 3.1 Dodging


You had 3 spell levels left.
You didn't know any spells.

Dungeon Overview and Level Annotations

Branches:
Dungeon (2/15)

Altars:


Innate Abilities, Weirdness & Mutations

You reflexively headbutt those who attack you in melee.
You have a pair of horns on your head.


Message History

Aim: a hound You throw a stone.
The stone barely misses the hound.
The hound barely misses you.
The hound pauses to sniff the ground.
The hound barely misses you. You furiously retaliate!
You headbutt the hound!
You are too injured to fight recklessly!
You are too injured to fight recklessly!
You are too injured to fight recklessly!
You hit the hound.
The hound is heavily wounded.
The hound bites you.
* * * LOW HITPOINT WARNING * * *
The hound bites you.
* * * LOW HITPOINT WARNING * * *
You closely miss the hound.
The hound is heavily wounded.
The hound bites you but does no damage. The hound bites you.
* * * LOW HITPOINT WARNING * * *
The hound bites you.
You die...

###########
#.†.......#
#@#######.#
#h#
#.########
#.#
#...<.....
#.#
##########
#$# #(# #(.
###


You could see a hound.

Vanquished Creatures
  Natasha (D:2)
  An adder (D:2)
  3 oozes (D:1)
  A leopard gecko (D:2)
  2 giant cockroaches (D:1)
  3 goblins (D:1)
  8 hobgoblins (D:1)
  7 bats (D:1)
  2 frilled lizards (D:1)
  7 kobolds (D:1)
  2 rats (D:1)
37 creatures vanquished.

Notes
Turn   | Place    | Note
-------+----------+-------------------------------------------
     0 | D:1      | b5mith the Minotaur Berserker began the quest for the Orb.
     0 | D:1      | Reached XP level 1. HP: 19/19 MP: 0/0
    64 | D:1      | Reached XP level 2. HP: 10/27 MP: 1/1
   165 | D:1      | Reached XP level 3. HP: 9/33 MP: 2/2
   518 | D:1      | Reached ** piety under Trog
   814 | D:2      | Noticed Natasha
   853 | D:2      | Killed Natasha
   853 | D:2      | Reached XP level 4. HP: 23/41 MP: 3/3
   868 | D:2      | Slain by a hound

Vault maps used:
D:1:      ncdulo_lavacross
D:2:      xom_butterflies, gammafunk_temple_overflow_statue,
          chequers_ecumenical_altar_twisty, uniq_jessica, uniq_terence,
          uniq_natasha

Skill      XL: |  1  2  3 |
---------------+----------+-----
Fighting       | 4 |  4.4
Polearms       | 4 |  4.3
Armour         | 3 |  3.4
Dodging        | 3 |  3.1

Action                   |  1- 3 |  4- 6 || total
-------------------------+-------+-------++-------
Melee: Spear             |   107 |     7 ||   114
       Headbutt          |    11 |       ||    11
Throw: Stone             |    31 |     2 ||    33
Invok: Berserk           |     1 |       ||     1
Armor: Animal skin       |    16 |     1 ||    17
Dodge: Dodged            |    57 |     6 ||    63

Table legend:
 A = Spawn XP
 B = Non-spawn XP
 C = Spawn XP percentage of total XP
 D = Spawn monster count
 E = Non-spawn monster count
 F = Spawn count percentage of total count
 G = Total turns spent on level
                    A         B        C        D         E        F      G
               +---------+---------+-------+---------+---------+-------+---------
         Total |       0 |     124 |   0.0 |       0 |      37 |   0.0 |   868
               +---------+---------+-------+---------+---------+-------+---------
           D:1 |       0 |      73 |   0.0 |       0 |      34 |   0.0 |   803
           D:2 |       0 |      51 |   0.0 |       0 |       3 |   0.0 |    65
               +---------+---------+-------+---------+---------+-------+---------
